 Dungeon Crawl Stone Soup version 0.29-a0-317-gd16b76e6b1 (webtiles) character file.

Game seed: 3794274900401042648

559 Dabor the Insei (level 7, -2/52 HPs)
             Began as a Demonspawn Transmuter on Mar 31, 2022.
             Was a Plaything of Xom.
             Slain by Menkaure (11 damage)
             ... in an ossuary.
             The game lasted 00:09:16 (3909 turns).

Dabor the Insei (Demonspawn Transmuter)             Turns: 3909, Time: 00:09:16

Health: -2/52      AC: 10    Str: 23    XL:     7   Next: 9%
Magic:  12/12      EV: 13    Int: 14    God:    Xom [...*..]
Gold:   156        SH:  0    Dex: 16    Spells: 9/12 levels left

rFire   . . .      SeeInvis .   s - +2 hand axe (freeze)
rCold   . . .      Faith    .   (no shield)
rNeg    . . .      Spirit   .   n - +2 leather armour of Sandy Beauty {rElec Str+4 Dex+3}
rPois   .          Reflect  .   p - +0 helmet
rElec   +          Harm     .   i - +0 cloak
rCorr   .          Rampage  .   (no gloves)
Will    +....                   j - +0 pair of boots
Stlth   +.........              (no amulet)
HPRegen 0.17/turn               g - +6 ring of strength
MPRegen 0.13/turn               (no ring)

@: wereblooded (expiring), cleaving, hasted, very quick
A: slimy green scales 1, powered by pain 1, strong-willed 1, wild magic 1
a: Renounce Religion


You were in an ossuary.
You worshipped Xom.
You were a favourite toy of Xom.
You visited 1 branch of the dungeon, and saw 4 of its levels.
You also visited: Ossuary.

You collected 156 gold pieces.

Inventory:

Hand Weapons
 s - a +2 hand axe of freezing (weapon)
Missiles
 l - a throwing net
Armour
 i - a +0 cloak (worn)
 j - a +0 pair of boots (worn)
 n - the +2 leather armour of Sandy Beauty (worn) {rElec Str+4 Dex+3}
   (You found it on level 2 of the Dungeon)

   Str:       It affects your strength (+4).
   Dex:       It affects your dexterity (+3).
   rElec:     It insulates you from electricity.
 p - a +0 helmet (worn)
Jewellery
 a - an amulet of the acrobat
 g - a +6 ring of strength (left hand)
 u - a +6 ring of dexterity
Wands
 v - a wand of polymorph (4)
Scrolls
 k - a scroll of enchant weapon {unknown}
 o - 2 scrolls of noise {unknown}
 q - a scroll of amnesia {unknown}
 r - 4 scrolls of identify {unknown}
 t - a scroll of summoning {unknown}
Potions
 b - 2 potions of lignification
 e - a potion of degeneration {unknown}
 f - a potion of resistance {unknown}
 h - a potion of flight {unknown}
 m - a potion of mutation {unknown}


   Skills:
 + Level 3.2 Fighting
 + Level 3.4 Dodging
 * Level 4.3 Unarmed Combat
 + Level 3.4 Spellcasting
 + Level 3.4 Transmutations


You had 9 spell levels left.
You knew the following spells:

 Your Spells              Type           Power      Damage    Failure   Level
a - Beastly Appendage     Tmut           30%        N/A       10%         1
b - Wereblood             Tmut           15%        N/A       13%         2

Your spell library contained the following spells:

 Spells                   Type           Power      Damage    Failure   Level
 Static Discharge         Conj/Air       3%         N/A       43%         2
 Spider Form              Tmut/Pois      9%         N/A       43%         3
 Ozocubu's Armour         Ice            3%         N/A       65%         3
 Tukima's Dance           Hex            3%         N/A       65%         3
 Ice Form                 Ice/Tmut       9%         N/A       82%         4
 Anguish                  Hex/Necr       1%         N/A       96%         4
 Dispel Undead            Necr           3%         3d7       96%         4
 Sticky Flame             Conj/Fire      3%         2d3       96%         4
 Enfeeble                 Hex            1%         N/A       100%        7
 Ozocubu's Refrigeration  Ice            1%         4d5       100%        7


Dungeon Overview and Level Annotations

Branches:
Dungeon (4/15)            Ossuary (1/1)
 Temple: D:4-7

Altars:
Xom

Annotations:
Ossuary Menkaure


Innate Abilities, Weirdness & Mutations

You are partially covered in slimy green scales. (AC +2)
You sometimes gain a little power by taking damage.
You are strong-willed. (Will+)
Your spells are a little harder to cast, but a little more powerful.


Message History

Menkaure is moderately damaged.
Menkaure hits you!
* * * LOW HITPOINT WARNING * * *
It was a potion of curing.
You feel better.
Xom thinks this is hilarious!
Menkaure hits you!
* * * LOW HITPOINT WARNING * * *
You emit a cloud of colourful smoke!
Okay, then.
You feel better.
Menkaure calls on the powers of darkness!
Your body is wracked with pain!
* * * LOW HITPOINT WARNING * * *
Okay, then.
Unknown command.
It was a potion of haste.
You feel yourself speed up.
Xom roars with laughter!
Menkaure hits you.
* * * LOW HITPOINT WARNING * * *
You hit Menkaure but do no damage.
Menkaure is moderately damaged.
Xom smiles on you.
Your +2 hand axe of freezing looks sharp (like it always does).
You hit Menkaure. You punch Menkaure.
Menkaure is severely damaged.
You slash the rat skeleton!
You feel a bit better.
You destroy the rat skeleton!
Your primal bloodlust is almost over.
Menkaure barely misses you.
You hit Menkaure.
Menkaure is almost destroyed.
Menkaure gestures wildly while chanting.
Menkaure seems to speed up.
You completely miss Menkaure.
Menkaure is almost destroyed.
Menkaure barely misses you.
You hit Menkaure but do no damage.
Menkaure is almost destroyed.
Menkaure hits you!
You die...

..##..##..####..##..##..##
.##..##..##!!##..##..##..##
##..##..##??.?##..##..##..##
#..##..##?....!##..##..##..##
..##..## .?∩∩?..##..##..##..##
.##..## ..!Z....##..##..##..##
##..## ..ZM.....##..##..##..##
#..##############M'##..##..##..##
..............§§@§..##..##..##..#
#######################..##..##..
..........................##.^##.
#############################..##
................................#
#################################


You could see Menkaure (fast).

Vanquished Creatures
  Sigmund (D:2)
  Duvessa (D:4)
  A necrophage (D:4)
  A jelly (D:3)
  2 mummies (Ossuary)
  5 adders
  5 worms
  3 dart slugs
  3 orcs
  6 ball pythons
  4 endoplasms
  2 giant cockroaches
  3 gnoll zombies (Ossuary)
  7 goblins
  6 hobgoblins
  6 jackals
  8 kobolds
  3 quokkas
  2 bats
  5 frilled lizards
  8 gnoll skeletons (Ossuary)
  3 goblin skeletons (Ossuary)
  4 goblin zombies (Ossuary)
  3 hobgoblin skeletons (Ossuary)
  5 hobgoblin zombies (Ossuary)
  3 kobold skeletons (Ossuary)
  3 kobold zombies (Ossuary)
  4 orc skeletons (Ossuary)
  4 orc zombies (Ossuary)
  9 rats
  3 rat skeletons (Ossuary)
  4 rat zombies (Ossuary)
127 creatures vanquished.

Vanquished Creatures (collateral kills)
  A mummy (Ossuary)
  A hobgoblin zombie (Ossuary)
2 creatures vanquished.

Grand Total: 129 creatures vanquished

Notes
Turn   | Place    | Note
-------+----------+-------------------------------------------
     0 | D:1      | Dabor the Demonspawn Transmuter began the quest for the
                  | Orb.
     0 | D:1      | Reached XP level 1. HP: 15/15 MP: 3/3
   127 | D:1      | Gained mutation: You are partially covered in slimy green
                  | scales. (AC +2) [demonic ancestry]
   127 | D:1      | Reached XP level 2. HP: 4/21 MP: 3/5
   434 | D:1      | Learned a level 2 spell: Wereblood
   824 | D:1      | Found a faded altar of an unknown god.
   942 | D:1      | Prayed at the altar of an unknown god.
   942 | D:1      | Became a worshipper of Xom of Chaos
  1077 | D:1      | XOM: silly message
  1099 | D:2      | Reached skill level 3 in Unarmed Combat
  1099 | D:2      | Reached XP level 3. HP: 27/27 MP: 4/6
  1265 | D:2      | XOM: silly message
  1275 | D:2      | Identified the +2 leather armour of Sandy Beauty {rElec
                  | Str+4 Dex+3}
  1341 | D:2      | Reached XP level 4. HP: 33/33 MP: 5/7
  1343 | D:2      | XOM: noise
  1424 | D:2      | Noticed Sigmund
  1424 | D:2      | XOM: 2-stop teleportation journey
  1434 | D:2      | Killed Sigmund
  1435 | D:2      | Reached XP level 5. HP: 34/39 MP: 6/9
  1452 | D:2      | XOM: give mutations
  1452 | D:2      | Gained mutation: Your spells are a little harder to cast,
                  | but a little more powerful. [Xom's mischief]
  1452 | D:2      | Gained mutation: You are strong-willed. (Will+) [Xom's
                  | mischief]
  1565 | D:2      | XOM: torment (21/39 hp)
  1568 | D:2      | XOM: give mutations
  1568 | D:2      | Gained mutation: You are dopey. (Int -2) [Xom's mischief]
  1568 | D:2      | Lost mutation: You are dopey. (Int -2) [Xom's mischief]
  1749 | D:2      | XOM: butterfly on damage
  2334 | D:3      | XOM: swap monsters
  2336 | D:3      | Gained mutation: You sometimes gain a little power by
                  | taking damage. [demonic ancestry]
  2336 | D:3      | Reached XP level 6. HP: 33/46 MP: 10/10
  2749 | D:3      | XOM: summons 4 hostile shadow creatures
  3273 | D:4      | Noticed Duvessa
  3273 | D:4      | Noticed Dowan
  3273 | D:4      | XOM: 5-stop teleportation journey
  3278 | D:4      | XOM: divination: detect creatures
  3287 | D:4      | Killed Duvessa
  3293 | D:4      | Noticed Dowan
  3293 | D:4      | Dowan changed into Dowan the quokka
  3295 | D:4      | Killed Dowan the quokka
  3296 | D:4      | Reached skill level 4 in Unarmed Combat
  3523 | D:4      | Found a sand-covered staircase.
  3529 | Ossuary  | Entered an ossuary
  3749 | Ossuary  | XOM: divination: detect items
  3838 | Ossuary  | Reached XP level 7. HP: 52/52 MP: 12/12
  3885 | Ossuary  | XOM: summons friendly ufetubus
  3889 | Ossuary  | Noticed Menkaure
  3892 | Ossuary  | XOM: enchant monster (good)
  3902 | Ossuary  | XOM: smoke on damage
  3905 | Ossuary  | XOM: cleaving
  3909 | Ossuary  | Slain by Menkaure

Illustrated notes

Levels and vault maps discovered:
D:1:      saegor_arrival_simple_e, layout_rooms,
          dreamdust_ecumenical_altar_hidden_monk_grotto
D:2:      minmay_skewed_foursquare, layout_loops_ring, minmay_split_cup_large,
          uniq_sigmund
D:3:      layout_basic, hangedman_decor_clover_reticule
D:4:      layout_gridville, nicolae_ossuary_entry_monument, uniq_duvessa
Ossuary:  ossuary_due_pyramid

Skill      XL: |  1  2  3  4  5  6 |
---------------+-------------------+-----
Transmutations | 2 3 |  3.4
Dodging        | 2 3 |  3.4
Unarmed Combat | 3 4 |  4.3
Fighting       | 2 3 |  3.2
Spellcasting   | 3 |  3.4

Action                   |  1- 3 |  4- 6 |  7- 9 || total
-------------------------+-------+-------+-------++-------
Melee: Unarmed           |    91 |   114 |       ||   205
       Kick              |    16 |    11 |     1 ||    28
       Headbutt          |    10 |     7 |     1 ||    18
       Punch             |     1 |     7 |     2 ||    10
       Hand axe          |       |   148 |    34 ||   182
 Cast: Beastly Appendage |    20 |     6 |     1 ||    27
       Wereblood         |     1 |    10 |     2 ||    13
Evoke: Wand              |       |     4 |       ||     4
  Use: Scroll            |       |     3 |       ||     3
       Potion            |       |       |     3 ||     3
 Stab: Sleeping          |       |     3 |       ||     3
Armor: Robe              |    17 |       |       ||    17
       Leather armour    |     5 |    78 |     8 ||    91
Dodge: Dodged            |    52 |   164 |    23 ||   239

Table legend: (Time is in decaauts)
 A = Elapsed time spent in this place.
 B = Non-inter-level travel time spent in this place.
 C = Inter-level travel time spent in this place.
 D = Time resting spent in this place.
 E = Time spent auto-exploring this place.
 F = Levels seen in this place.
 G = Mean time per level.
                   A        B        C        D        E       F      G
               +--------+--------+--------+--------+--------+-----+--------+
         Total |   3947 |   3781 |    166 |    364 |   2326 |   5 |  789.4 |
       Dungeon |   3532 |   3366 |    166 |    364 |   2200 |   4 |  883.0 |
       Ossuary |    414 |    414 |      0 |      0 |    126 |   1 |  414.0 |
               +--------+--------+--------+--------+--------+-----+--------+

Top non-repeatable levels by time:
     D:2: 1119 daAuts
     D:1: 1081 daAuts
     D:3: 1046 daAuts
 Ossuary: 414 daAuts
     D:4: 285 daAuts
